 Dungeon Crawl Stone Soup version 0.16.2-12-gd0ad4c3 (webtiles) character file.

335598 dpvblackbelt the Eclecticist (level 21, -9/128 HPs)
             Began as a Tengu Conjurer on Sept 2, 2015.
             Was the Champion of Vehumet.
             Mangled by a white ugly thing (51 damage)
             ... on level 2 of the Depths on Sept 13, 2015.
             The game lasted 09:32:38 (75927 turns).

dpvblackbelt the Eclecticist (Tengu Conjurer)      Turns: 75927, Time: 09:32:38

Health: -9/128     AC: 20    Str:  6    XL:     21   Next: 87%
Magic:  48/50      EV: 12    Int: 24    God:    Vehumet [******]
Gold:   645        SH:  9    Dex: 17    Spells: 9 memorised, 13 levels left

rFire  + + +     SeeInvis .     b - +4 demon trident (freeze)
rCold  x . .     Clarity  .     T - +0 fire dragon armour
rNeg   + + +     SustAb   .     o - +2 buckler
rPois  +         Gourm    .     (helmet restricted)
rElec  .         Spirit   .     s - +2 cloak (curse)
rCorr  .         Warding  +     I - +2 pair of gloves {Str+3}
rMut   .         Stasis   .     (boots unavailable)
MR     ++...                    h - macabre finger necklace {Ward rN+}
Stlth  +.........               x - ring "Fasefius" {rN+ MR+ MP+9 Str-3}
                                e - ring of protection from cold
                                r - ring "Smou" {Fire rPois rN++ Str-2} (curse)

@: flying quickly and evasively, quick, very resistant to hostile enchantments,
very unstealthy
A: able to fly continuously, beak, talons 3
a: Stop Flying, Renounce Religion
}: 2/15 runes: decaying, serpentine


You were on level 2 of the Depths.
You worshipped Vehumet.
Vehumet was exalted by your worship.
You were not hungry.

You visited 9 branches of the dungeon, and saw 43 of its levels.
You visited the Abyss 1 time.
You also visited: Bailey.

You collected 4602 gold pieces.
You spent 3957 gold pieces at shops.

Inventory:

Hand weapons
 b - a +4 demon trident of freezing (weapon)
 S - a +0 blowgun
Missiles
 M - 11 curare-tipped needles
Armour
 o - a +2 buckler (worn)
 s - a cursed +2 cloak (worn)
 I - a +2 pair of gloves of strength (worn)
 T - a +0 fire dragon armour (worn)
Magical staves
 a - an uncursed staff of energy
 N - an uncursed staff of air
Jewellery
 e - a ring of protection from cold (left hand)
 h - the macabre finger necklace (around neck) {Ward rN+}
   (You bought it in a shop on level 2 of the Elven Halls)

   [amulet of warding]

   It may prevent the melee attacks of summoned creatures.
   It protects you from negative energy.
 i - an uncursed ring of see invisible
 r - the cursed ring "Smou" (on amulet) {Fire rPois rN++ Str-2}
   (You bought it in a shop on level 2 of the Elven Halls)

   [ring of fire]

   It enhances your fire magic, and weakens your ice magic.
   It affects your strength (-2).
   It protects you from fire.
   It makes you vulnerable to cold.
   It protects you from poison.
   It greatly protects you from negative energy.
   It has a curse placed upon it.
 x - the ring "Fasefius" (right hand) {rN+ MR+ MP+9 Str-3}
   (You found it on level 2 of the Depths)

   [ring of protection from magic]

   It affects your strength (-3).
   It protects you from negative energy.
   It affects your resistance to hostile enchantments.
   It affects your magic capacity (+9).
 z - an uncursed ring of poison resistance
 Q - an uncursed ring of protection from magic
 W - an uncursed amulet of the gourmand
Magical devices
 c - a wand of teleportation (3)
 n - a wand of heal wounds (9)
 E - a wand of digging (8)
 X - a wand of disintegration (8)
 Y - a wand of teleportation (3)
Scrolls
 d - 7 scrolls of remove curse
 j - a scroll of enchant armour
 k - 3 scrolls of magic mapping
 l - 2 scrolls of identify
 u - a scroll of summoning
 y - a scroll of teleportation
 L - 6 scrolls of immolation
 Z - a scroll of fear
Potions
 m - 3 potions of resistance
 p - a potion of magic
 t - 2 potions of cure mutation
 w - 2 potions of haste
 F - a potion of restore abilities
 G - 5 potions of brilliance
 H - 16 potions of curing
Books
 C - a book of Beasts

   Spells                             Type                      Level
   a - Summon Butterflies             Summoning                    1
   b - Call Canine Familiar           Summoning                    3
   c - Summon Ice Beast               Ice/Summoning                4
   d - Summon Mana Viper              Hexes/Summoning              5
   e - Monstrous Menagerie            Summoning                    6
   f - Summon Hydra                   Summoning                    7
 D - a book of Air

   Spells                             Type                      Level
   a - Shock                          Conjuration/Air              1
   b - Swiftness                      Charms/Air                   2
   c - Repel Missiles                 Charms/Air                   2
   d - Flight                         Charms/Air                   3
   e - Static Discharge               Conjuration/Air              3
   f - Lightning Bolt                 Conjuration/Air              5
 O - a book of Summonings

   Spells                             Type                      Level
   a - Abjuration                     Summoning                    3
   b - Recall                         Summoning/Translocation      3
   c - Shadow Creatures               Summoning                    5
   d - Summon Demon                   Summoning                    5
   e - Summon Forest                  Summoning/Translocation      5
   f - Monstrous Menagerie            Summoning                    6
Miscellaneous
 f - an ornate deck of summoning {drawn: 2}
 q - a phial of floods
 B - a stone of tremors
 K - a crystal ball of energy
 U - a lamp of fire
Comestibles
 g - 19 royal jellies
 v - 2 fruits
 A - 17 meat rations


   Skills:
 - Level 12.5 Fighting
 - Level 14.0 Polearms
 + Level 14.0 Armour
 - Level 10.7 Dodging
 - Level 2.0 Stealth
 - Level 10.0 Shields
 - Level 16.3 Spellcasting
 - Level 15.2 Conjurations
 - Level 8.1 Charms
 - Level 5.0 Summonings
   Level 7.9 Necromancy
 - Level 7.8 Transmutations
 - Level 10.6 Fire Magic
 - Level 11.0 Air Magic
 - Level 5.7 Evocations


You had 13 spell levels left.
You knew the following spells:

 Your Spells              Type           Power        Failure   Level  Hunger
a - Magic Dart            Conj           ####         1%          1    None
b - Bolt of Fire          Conj/Fire      #######...   7%          6    ####...
c - Iskenderun's Battles  Conj/Chrm      ######..     2%          5    #......
d - Summon Butterflies    Summ           #####...     4%          1    None
e - Ignite Poison         Fire/Trmt      #######...   5%          5    #......
f - Summon Lightning Spi  Summ/Air       ######..     12%         4    None
g - Fireball              Conj/Fire      #######...   1%          5    #......
h - Statue Form           Trmt/Erth      #####....    100%        6    ####...
i - Deflect Missiles      Chrm/Air       ######....   87%         6    ####...


Dungeon Overview and Level Annotations

Branches:
Dungeon (15/15)            Temple (1/1) D:7            Lair (8/8) D:10
  Swamp (5/5) Lair:3        Snake (5/5) Lair:3        Slime (0/6) Lair:8
    Orc (4/4) D:10            Elf (2/3) Orc:3        Vaults (1/5) D:13
 Depths (2/5) D:15

Altars:
Ashenzari
Cheibriados
Dithmenos
Elyvilon
Fedhas
Kikubaaqudgha
Makhleb
Nemelex Xobeh
Okawaru
Qazlal
Ru
Sif Muna
Trog
Vehumet
Xom
Yredelemnul
Zin
The Shining One
Beogh

Shops:
D:4 *   D:10 :   D:11 =   Orc:3 [   Orc:4 :(!%   Elf:2 =   Snake:1 *
Snake:5 %}=!

Portals:
Hell: Depths:1
Pandemonium: Orc:4
Ziggurat: Depths:1

Annotations:
D:2 Ijyb


Innate Abilities, Weirdness & Mutations

You can fly continuously.
You have a beak for a mouth.
You have claws for feet.


Message History

The minotaur is almost dead.
You hit the minotaur. You freeze the minotaur.
The minotaur is almost dead.
You block the minotaur's attack. The minotaur gores you.
The white ugly thing bites you! The white ugly thing freezes you!!!
You feel a terrible chill!
Casting: Summon Butterflies
Confirm with . or Enter, or press ? or * to list all spells.
Aiming: Bolt of Fire
Press: ? - help, Shift-Dir - straight line, f/p - minotaur
Aim: a minotaur, wielding a war axe of flaming and wearing a plate armour (almost dead)
You feel a surge of power!
The bolt of fire hits the white ugly thing.
The white ugly thing is severely wounded.
The bolt of fire hits the minotaur.
You kill the minotaur!
Vehumet accepts your kill.
You feel your power returning. The white ugly thing bites you.
The white ugly thing freezes you!!!
You feel a terrible chill!
You die...

... .....# ......+
.....#.# ....#...+
..#.....## #........##
### .....b.....# .!<#
........@..#...?#
........)u)'.>.#
#.......b..##..#####
....#......#+###).#
.....#.......#....######
#+#..........'.)..##)∩[#
#.....#....##)).#....(
#......#....#'###.....
....≈≈.#.....(.##.÷.#


You could see a white ugly thing.

Vanquished Creatures
  3 liches
  Asterion (Swamp:3)
  A titan (Depths:2)
  A sphinx (Vaults:1)
  2 tentacled starspawn (Abyss:1)
  5 thorn hunters
  Kirke (Elf:1)
  A fire giant (Depths:1)
  8 greater nagas (Snake:5)
  Donald (Swamp:2)
  Aizul (Orc:3)
  2 vault wardens (Vaults:1)
  2 stone giants
  3 ironheart preservers (Vaults:1)
  A spriggan defender (Depths:2)
  A very ugly thing (Swamp:2)
  5 rakshasas
  A deep elf demonologist (Elf:2)
  A lorocyproca (Elf:2)
  Azrael (Elf:1)
  A dire elephant (D:15)
  A blizzard demon (Elf:2)
  2 ettins
  Snorg (Snake:1)
  A minotaur (Depths:2)
  A mummy priest (Depths:1)
  A fire dragon (Depths:2)
  4 yaktaur captains
  2 vault guards (Depths:2)
  Fannar (Lair:3)
  2 ice dragons (Depths:2)
  21 naga warriors
  4 ogre magi
  Nessos (Orc:4)
  19 hydras
  10 alligators
  The ghost of drareg the Basher, an experienced DDBe of Trog (Bailey)
  14 centaur warriors
  20 death yaks
  A deep troll earth mage (Vaults:1)
  The ghost of DizzySkin the Unseen, a powerful SpEn of Okawaru (Lair:7)
  2 vampire magi (Depths:1)
  21 anacondas
  A tengu warrior (D:12)
  A hell beast (Depths:1)
  2 ghost crabs
  The ghost of Appriser the Summoner, a powerful VSSu of Sif Muna (Lair:4)
  9 orc high priests
  Urug (D:13)
  14 naga sharpshooters
  9 shock serpents
  12 deep elf knights
  Nergalle (Orc:4)
  2 soul eaters
  Erolcha (Orc:4)
  A wretched star (Abyss:1)
  8 salamander mystics
  2 skeletal warriors (Vaults:1)
  9 unseen horrors
  A spatial maelstrom (Abyss:1)
  A giant orange brain (Depths:2)
  4 sea snakes (Snake:3)
  4 deep trolls (Vaults:1)
  2 spriggan druids
  A harpy (shapeshifter) (D:15)
  4 deep elf summoners
  A shadow demon (Abyss:1)
  4 lindwurms (Snake:5)
  8 orc knights
  7 swamp dragons
  A torturous demonspawn (Orc:4)
  A shambling mangrove (Swamp:1)
  5 harpies (Vaults:1)
  8 naga ritualists
  The ghost of Charly the Cleaver, an experienced GrBe of Trog (Bailey)
  Pikel (D:4)
  3 necromancers
  A wizard (D:15)
  14 mana vipers
  A griffon (Lair:8)
  3 wolf spiders
  2 ironbrand convokers (Vaults:1)
  11 deep elf conjurers
  26 ugly things
  9 hill giants
  16 salamanders
  A frost giant zombie (Vaults:1)
  9 cyclopes
  6 orc sorcerers
  3 hornets
  10 guardian serpents
  2 rust devils
  26 spiny frogs
  6 manticores
  An apocalypse crab (Abyss:1)
  A vault sentinel (Vaults:1)
  51 black mambas
  12 elephants
  A guardian serpent (shapeshifter) (D:15)
  2 centaur zombies
  A torpor snail (D:15)
  4 kobold demonologists
  12 komodo dragons
  3 gargoyles
  28 naga magi
  3 orange demons
  A tormentor (Elf:2)
  4 fire drakes
  A smoke demon (Abyss:1)
  A tengu conjurer (D:13)
  A yaktaur (shapeshifter) (D:13)
  2 ancient zymes (Abyss:1)
  20 yaktaurs
  A red devil (Depths:1)
  9 trolls
  6 two-headed ogres
  A yaktaur skeleton (Vaults:1)
  4 deep elf priests
  An efreet (D:13)
  9 giant leeches
  Sonja (D:13)
  3 freezing wraiths
  8 polar bears (Lair:8)
  A hellwing (Abyss:1)
  Prince Ribbit (D:4)
  19 blink frogs
  29 slime creatures
  26 ravens
  16 bog bodies
  4 baby alligators (Swamp:5)
  A centaur simulacrum (D:15)
  A redback (shapeshifter) (Depths:2)
  5 raiju
  5 basilisks
  5 shadows
  6 wyverns
  A chaos spawn (Elf:2)
  3 wraiths
  49 yaks
  7 spriggans
  The ghost of monobi the Poker, an average MiBe of Trog (D:4)
  10 hippogriffs
  A fire elemental (Elf:1)
  A human (D:11)
  5 fire bats (Abyss:1)
  17 deep elf magi
  2 elf zombies (Depths:1)
  Grum (D:9)
  A neqoxec (Abyss:1)
  A steam dragon (Lair:6)
  15 deep elf fighters
  5 hogs (Elf:1)
  19 wolves
  3 ynoxinuls
  3 hungry ghosts
  10 wargs
  64 nagas
  16 insubstantial wisps
  4 small abominations (Abyss:1)
  7 porcupines
  19 swamp worms
  3 hell hounds
  A mottled dragon (Lair:6)
  26 vampire mosquitoes
  38 water moccasins
  6 spiders (Lair:8)
  8 ice beasts
  29 centaurs
  7 large abominations (Abyss:1)
  3 sky beasts
  2 slaves (D:4)
  A snapping turtle zombie (Abyss:1)
  18 swamp drakes
  8 wasps
  15 black bears
  25 orc warriors
  An eye of draining (D:15)
  6 starcursed masses (Abyss:1)
  An ogre (shapeshifter) (D:15)
  5 phantoms
  5 boggarts
  2 big kobolds
  2 necrophages
  25 ogres
  An ice dragon simulacrum (Depths:1)
  Duvessa (D:4)
  A human zombie (Vaults:1)
  27 giant frogs
  A gnoll sergeant (D:4)
  17 crocodiles
  2 water moccasin zombies
  An earth elemental (Abyss:1)
  2 wyvern skeletons
  6 scorpions
  10 killer bees
  4 electric eels
  7 wights
  Dowan (D:4)
  11 crimson imps
  A giant frog zombie (D:13)
  3 lava snakes (Snake:2)
  8 jellies
  15 centaur skeletons
  An iron imp (Abyss:1)
  2 goliath beetles
  10 iguanas
  28 orc priests
  2 quasits
  3 giant frog skeletons
  24 hounds
  24 orc wizards
  3 gnoll shamans
  14 worker ants
  A spectral swamp drake (Swamp:4)
  4 hell rats
  2 killer bee zombies
  15 sheep
  A necrophage skeleton (D:6)
  3 hound skeletons
  2 mummies (D:14)
  2 worker ant zombies (D:7)
  33 gnolls
  38 river rats
  2 orc zombies
  An orc skeleton (Orc:4)
  12 shadow imps
  30 adders
  A white imp (Abyss:1)
  4 ufetubi
  6 worms
  2 adder skeletons
  6 giant geckos
  3 oozes
  192 orcs
  5 ball pythons
  A bat skeleton (D:4)
  A bat zombie (D:5)
  4 giant cockroaches
  35 goblins
  20 hobgoblins
  15 quokkas
  21 bats
  A giant gecko skeleton (D:4)
  2 giant newts
  3 giant spores
  36 jackals
  32 kobolds
  18 rats
  7 ballistomycetes
  A crawling corpse (Elf:2)
  A fungus (Lair:8)
  A plant (Swamp:5)
  3 starspawn tentacles (Abyss:1)
2061 creatures vanquished.

Vanquished Creatures (collateral kills)
  A naga warrior (Snake:1)
  An anaconda (Snake:1)
  An orc high priest (Orc:4)
  A torturous demonspawn (Orc:4)
  2 putrid demonspawn (Orc:4)
  2 ugly things (Swamp:3)
  A griffon (Lair:2)
  A slime creature (Swamp:4)
  A giant leech (Swamp:3)
  A vampire mosquito (Swamp:4)
  A hog (Elf:1)
  A hell hound (Elf:1)
  A wasp (Swamp:3)
  5 orc warriors
  A hound (Lair:2)
  An orc priest (Orc:4)
  An orc wizard (Orc:4)
  An orc skeleton (Orc:4)
  2 orcs
26 creatures vanquished.

Vanquished Creatures (others)
  A fire giant zombie (Depths:1)
  2 ball lightnings (Lair:3)
  A human (Elf:2)
  A porcupine (Lair:2)
  A boggart (D:15)
  17 lightning spires
  A hound (Lair:2)
  An electric eel (D:8)
  A giant cockroach (D:3)
  A quokka (D:3)
  A giant spore (D:13)
  A briar patch (Swamp:5)
  2 butterflies (Depths:2)
  A crawling corpse (Elf:2)
  30 fungi
  31 plants
  2 starspawn tentacles (Abyss:1)
  14 starspawn tentacle segments (Abyss:1)
109 creatures vanquished.

Grand Total: 2196 creatures vanquished

Notes
Turn   | Place    | Note
--------------------------------------------------------------
     0 | D:1      | dpvblackbelt, the Tengu Conjurer, began the quest for the Orb.
     0 | D:1      | Reached XP level 1. HP: 10/10 MP: 3/3
   462 | D:1      | Reached XP level 2. HP: 15/15 MP: 4/6
  1100 | D:1      | Reached XP level 3. HP: 19/19 MP: 7/9
  1139 | D:2      | Noticed Ijyb
  1731 | D:3      | Reached skill level 6 in Conjurations
  1907 | D:3      | Found a shadowy altar of Dithmenos.
  2035 | D:3      | Reached XP level 4. HP: 22/24 MP: 5/10
  2165 | D:3      | Learned a level 4 spell: Iskenderun's Mystic Blast
  2603 | D:4      | Noticed Dowan
  2698 | D:3      | Reached skill level 7 in Conjurations
  2846 | D:3      | Reached XP level 5. HP: 26/28 MP: 0/13
  2973 | D:4      | Noticed monobi's ghost (average MiBe)
  3123 | D:3      | Reached skill level 8 in Conjurations
  3251 | D:4      | Noticed Duvessa
  3306 | D:4      | Reached skill level 1 in Fighting
  3322 | D:5      | Entered Level 5 of the Dungeon
  3446 | D:4      | Reached XP level 6. HP: 32/34 MP: 9/15
  3893 | D:4      | Noticed a gnoll sergeant
  3921 | D:3      | Learned a level 5 spell: Iskenderun's Battlesphere
  4213 | D:4      | Killed Duvessa
  4213 | D:4      | Reached skill level 1 in Charms
  4589 | D:4      | Reached XP level 7. HP: 40/40 MP: 10/16
  4989 | D:4      | Killed Dowan
  5094 | D:4      | Noticed a phantom
  5110 | D:4      | Killed a phantom
  5135 | D:4      | Found Pieh's General Store.
  5136 | D:4      | Noticed an ogre
  5564 | D:4      | Reached XP level 8. HP: 46/46 MP: 12/18
  5565 | D:4      | Noticed Pikel
  5667 | D:4      | Killed an ogre
  5667 | D:4      | Reached skill level 5 in Charms
  5743 | D:4      | Bought a +2 robe of positive energy for 176 gold pieces
  5833 | D:4      | Noticed a slave
  5921 | D:4      | Killed monobi's ghost
  6698 | D:4      | Noticed a slave
  6722 | D:4      | Killed a slave
  7679 | D:4      | Killed a slave
  8281 | D:4      | Noticed Prince Ribbit
  8285 | D:4      | Killed Prince Ribbit
  8285 | D:4      | Reached XP level 9. HP: 48/50 MP: 11/20
  8362 | D:4      | Killed Pikel
  8362 | D:4      | Reached skill level 5 in Spellcasting
  8497 | D:4      | Killed a gnoll sergeant
  8647 | D:5      | Noticed an ogre
  8651 | D:5      | Killed an ogre
  8711 | D:5      | Found a blossoming altar of Fedhas.
  9644 | D:6      | Found a blossoming altar of Fedhas.
 10161 | D:6      | You fall through a shaft for 3 floors!
 10319 | D:9      | Found a shattered altar of Ashenzari.
 10357 | D:9      | Learned a level 2 spell: Sublimation of Blood
 10517 | D:9      | Noticed a brown ugly thing
 10769 | D:10     | Entered Level 10 of the Dungeon
 10776 | D:9      | Noticed Grum
 11004 | D:7      | Found a shimmering altar of Xom.
 11009 | D:7      | Reached XP level 10. HP: 56/56 MP: 18/27
 11115 | D:8      | Found a sacrificial altar of Ru.
 11911 | D:7      | Reached skill level 9 in Conjurations
 12304 | D:7      | Found a staircase to the Ecumenical Temple.
 12312 | D:7      | Reached skill level 10 in Conjurations
 12335 | Temple   | Entered the Ecumenical Temple
 12378 | Temple   | Became a worshipper of Vehumet
 12385 | Temple   | Learned a level 5 spell: Ignite Poison
 12589 | D:7      | Found a white marble altar of Elyvilon.
 12738 | D:7      | Reached skill level 1 in Fire Magic
 13480 | D:9      | Killed a brown ugly thing
 13480 | D:9      | Reached skill level 5 in Fire Magic
 13837 | D:9      | Acquired Vehumet's first power
 13837 | D:9      | Offered knowledge of Flame Tongue by Vehumet.
 14041 | D:9      | Killed Grum
 14106 | D:9      | Found a burning altar of Makhleb.
 14301 | D:9      | Reached XP level 11. HP: 62/62 MP: 14/29
 14429 | D:10     | Reached skill level 5 in Dodging
 14487 | D:9      | Reached skill level 5 in Fighting
 14927 | D:10     | Learned a level 4 spell: Summon Lightning Spire
 14938 | D:10     | Got a fine spear
 14939 | D:10     | Identified the +10 spear "Schujiyt" {pierce, Int+3 Stlth+} (You found it on level 10 of the Dungeon)
 14941 | D:10     | Found a staircase to the Orcish Mines.
 14982 | D:10     | Found Lodeqa Natav's Book Shop.
 15005 | D:10     | Offered knowledge of Sandblast by Vehumet.
 15508 | D:10     | Found a staircase to the Lair.
 15512 | D:10     | Reached skill level 11 in Conjurations
 15517 | Lair:1   | Entered Level 1 of the Lair of Beasts
 15795 | Lair:2   | Offered knowledge of Throw Frost by Vehumet.
 15934 | Lair:2   | Reached skill level 12 in Conjurations
 16282 | Lair:2   | Reached skill level 1 in Air Magic
 16489 | Lair:2   | Learned a level 5 spell: Fireball
 16535 | Lair:2   | Acquired Vehumet's second power
 16988 | Lair:3   | Offered knowledge of Stone Arrow by Vehumet.
 16999 | Lair:3   | Noticed a death yak
 17004 | Lair:3   | Noticed a death yak
 17166 | Lair:3   | Killed a death yak
 17180 | Lair:3   | Noticed a death yak
 17318 | Lair:2   | Killed a death yak
 17592 | Lair:3   | Found a bloodstained altar of Trog.
 17624 | Lair:3   | Reached XP level 12. HP: 71/71 MP: 17/30
 17637 | Lair:3   | Reached skill level 1 in Necromancy
 17920 | Lair:3   | Killed a death yak
 18019 | Lair:3   | Reached skill level 1 in Evocations
 18053 | Lair:3   | Acquired Vehumet's third power
 18082 | Lair:3   | Found a staircase to the Snake Pit.
 18101 | Snake:1  | Entered Level 1 of the Snake Pit
 18138 | Lair:3   | Found a staircase to the Swamp.
 18141 | Lair:3   | Noticed Fannar
 18224 | Lair:3   | Killed Fannar
 18726 | Lair:4   | Noticed Appriser's ghost (powerful VSSu)
 18730 | Lair:4   | Killed Appriser's ghost
 18730 | Lair:4   | Reached skill level 5 in Evocations
 18796 | Lair:4   | Found a staircase to the Snake Pit.
 19037 | Lair:4   | Offered knowledge of Lightning Bolt by Vehumet.
 19791 | Lair:4   | Reached skill level 10 in Fire Magic
 19800 | Lair:5   | Reached skill level 1 in Transmutations
 20004 | Lair:5   | Found a deep blue altar of Sif Muna.
 20113 | Lair:5   | Identified a scroll of acquirement
 20275 | Lair:5   | Reached XP level 13. HP: 76/76 MP: 25/31
 22320 | Lair:7   | Noticed DizzySkin's ghost (powerful SpEn)
 22398 | Lair:7   | Killed DizzySkin's ghost
 22517 | Lair:7   | Reached skill level 10 in Fighting
 23362 | Lair:2   | Offered knowledge of Orb of Destruction by Vehumet.
 24264 | Lair:8   | Entered Level 8 of the Lair of Beasts
 24695 | Lair:8   | Reached XP level 14. HP: 91/91 MP: 20/31
 25036 | Lair:8   | Reached skill level 5 in Necromancy
 25593 | Lair:8   | Found a staircase to the Slime Pits.
 25600 | Lair:8   | Offered knowledge of Iron Shot by Vehumet.
 26169 | Lair:8   | Got a translucent cloak
 26170 | Lair:8   | Identified the +0 cloak of Leapfrog {+Inv Int-5 Dex+4 Stlth+} (You found it on level 8 of the Lair of Beasts)
 27468 | Lair:8   | Got a dazzling shield
 27470 | Lair:8   | Identified the +0 shield of Sott {+Fly rN+ Dex-5} (You found it on level 8 of the Lair of Beasts)
 27818 | Lair:7   | Reached skill level 13 in Conjurations
 28250 | Lair:8   | Got a translucent ring mail
 28259 | Lair:8   | Identified the +5 ring mail "Xeces" {rC- Int+3 Dex+4 Slay+5} (You found it on level 8 of the Lair of Beasts)
 28689 | D:10     | Offered knowledge of Bolt of Magma by Vehumet.
 28689 | D:10     | Reached skill level 1 in Polearms
 28720 | D:10     | Bought a book of the Sky for 780 gold pieces
 28814 | D:11     | Reached skill level 5 in Air Magic
 28828 | D:11     | Found Graachaz's Jewellery Emporium.
 29509 | D:10     | Noticed a hill giant
 30000 | D:10     | Killed a hill giant
 30003 | D:10     | Reached XP level 15. HP: 71/97 MP: 0/32
 31029 | D:11     | Reached skill level 14 in Conjurations
 31487 | D:12     | Found a flagged portal.
 31499 | Bailey   | Entered a bailey
 31499 | Bailey   | Noticed drareg's ghost (experienced DDBe)
 31527 | Bailey   | Killed drareg's ghost
 31658 | Bailey   | Noticed Charly's ghost (experienced GrBe)
 31679 | Bailey   | Killed Charly's ghost
 31682 | Bailey   | Noticed tognito's ghost (experienced MiBe)
 31925 | D:12     | Found a runed door.
 31950 | D:12     | Reached skill level 15 in Conjurations
 32292 | D:13     | Noticed Urug
 32405 | D:13     | Reached skill level 1 in Summonings
 32414 | D:13     | Offered knowledge of Bolt of Cold by Vehumet.
 32510 | D:13     | Killed Urug
 32712 | D:13     | Found a gate to the Vaults.
 32871 | Orc:1    | Entered Level 1 of the Orcish Mines
 33299 | Orc:2    | Found a roughly hewn altar of Beogh.
 33487 | Orc:3    | Found a staircase to the Elven Halls.
 33559 | Orc:2    | Reached skill level 5 in Summonings
 33917 | Orc:1    | Found an ancient bone altar of Kikubaaqudgha.
 34273 | Orc:3    | Offered knowledge of Ozocubu's Refrigeration by Vehumet.
 34434 | Orc:3    | Found a burning altar of Makhleb.
 34459 | Orc:3    | Found Khotamn's Antique Armour Shop.
 34681 | Orc:4    | Entered Level 4 of the Orcish Mines
 34881 | Orc:4    | Noticed Nessos
 34902 | Orc:4    | Killed Nessos
 35319 | Orc:4    | Found Duk Iret's Food Shoppe.
 35320 | Orc:4    | Found Qebahujemekh's Distillery.
 35500 | Orc:4    | Noticed Nergalle
 35504 | Orc:4    | Killed Nergalle
 35687 | Orc:4    | Reached skill level 10 in Air Magic
 35768 | Orc:4    | Found a shimmering altar of Xom.
 35903 | Orc:4    | Noticed Erolcha
 35908 | Orc:4    | Killed Erolcha
 35926 | Orc:4    | Gained mutation: Your muscles are strong. (Str +2) [potion of beneficial mutation]
 36425 | Orc:4    | Paralysed by an orc sorcerer for 2 turns
 37126 | Orc:4    | Offered knowledge of Bolt of Fire by Vehumet.
 37300 | Orc:4    | Reached XP level 16. HP: 92/103 MP: 4/33
 37410 | Orc:4    | Found Ibiud's Book Boutique.
 37410 | Orc:4    | Found a one-way gate leading to the halls of Pandemonium.
 37410 | Orc:4    | Found Schaigi's Antique Weapon Shop.
 37422 | Orc:4    | Bought a book of Transfigurations for 770 gold pieces
 37429 | Orc:4    | Learned a level 6 spell: Conjure Ball Lightning
 37458 | Orc:4    | Bought a potion of heal wounds for 85 gold pieces
 37458 | Orc:4    | Bought a potion of curing for 51 gold pieces
 37458 | Orc:4    | Bought a potion of heal wounds for 85 gold pieces
 37458 | Orc:4    | Bought a potion of haste for 170 gold pieces
 37458 | Orc:4    | Bought a potion of haste for 170 gold pieces
 37458 | Orc:4    | Bought a potion of heal wounds for 85 gold pieces
 37520 | Elf:1    | Entered Level 1 of the Elven Halls
 37530 | Elf:1    | Noticed Aizul
 37799 | Orc:3    | Killed Aizul
 38185 | Elf:1    | Reached skill level 5 in Polearms
 38262 | Elf:1    | Noticed Kirke
 38895 | Swamp:1  | Entered Level 1 of the Swamp
 39355 | Lair:2   | Learned a level 6 spell: Bolt of Fire
 40525 | Swamp:1  | Offered knowledge of Spellforged Servitor by Vehumet.
 41006 | Swamp:2  | Noticed Donald
 41011 | Swamp:2  | Killed Donald
 41326 | Swamp:2  | Noticed a thorn hunter
 41332 | Swamp:2  | Killed a thorn hunter
 41332 | Swamp:2  | Reached skill level 5 in Transmutations
 41639 | Swamp:2  | Noticed Asterion
 41900 | Swamp:2  | Got a translucent leather armour
 41901 | Swamp:2  | Identified the +2 leather armour of Mioch {rPois} (You found it on level 2 of the Swamp)
 42119 | Swamp:2  | Reached skill level 10 in Polearms
 42307 | Swamp:3  | Noticed a thorn hunter
 42313 | Swamp:3  | Killed a thorn hunter
 43732 | Swamp:3  | Noticed a spectral weapon
 43734 | Swamp:3  | Killed Asterion
 43739 | Swamp:3  | Reached XP level 17. HP: 51/108 MP: 3/34
 44062 | Swamp:3  | Offered knowledge of Lehudib's Crystal Spear by Vehumet.
 44062 | Swamp:3  | Offered knowledge of Fire Storm by Vehumet.
 44062 | Swamp:3  | Offered knowledge of Chain Lightning by Vehumet.
 44079 | Swamp:3  | Got a scorched trident
 44080 | Swamp:3  | Identified the +4 trident of Yredelemnul's Scorn {pierce, Int+5 SInv} (You found it on level 3 of the Swamp)
 46182 | Swamp:5  | Entered Level 5 of the Swamp
 47877 | Swamp:5  | Got a decaying rune of Zot
 48122 | Lair:2   | Upgraded the game from 0.16.2-2-g470672f to 0.16.2-3-ga078185
 48193 | Lair:2   | Upgraded the game from 0.16.2-3-ga078185 to 0.16.2-12-gd0ad4c3
 48571 | Snake:1  | Noticed Snorg
 48575 | Snake:1  | Killed Snorg
 49003 | Snake:1  | Found Zeoxauf's Assorted Antiques.
 49010 | Snake:1  | Bought a potion of curing for 105 gold pieces
 49010 | Snake:1  | Bought a sedimented purple potion for 31 gold pieces
 49010 | Snake:1  | Bought a potion of curing for 105 gold pieces
 50337 | Snake:2  | Reached XP level 18. HP: 109/112 MP: 4/35
 50705 | Snake:2  | Reached skill level 10 in Spellcasting
 53565 | Snake:4  | Found a deep blue altar of Sif Muna.
 53895 | Snake:5  | Entered Level 5 of the Snake Pit
 54753 | Snake:5  | Found Cougant's Distillery.
 54859 | Snake:5  | Bought a potion of curing for 39 gold pieces
 54859 | Snake:5  | Bought 2 potions of haste for 260 gold pieces
 54859 | Snake:5  | Bought a potion of curing for 39 gold pieces
 54859 | Snake:5  | Bought a potion of curing for 39 gold pieces
 54910 | Snake:5  | Found Gasa's Gadget Boutique.
 55188 | Snake:5  | Found Iczuh's Food Shop.
 55817 | Snake:5  | Found Sixtom's Jewellery Shop.
 56966 | Snake:5  | Reached XP level 19. HP: 97/117 MP: 10/39
 58497 | Snake:5  | Reached skill level 15 in Spellcasting
 59655 | Snake:5  | Reached skill level 16 in Spellcasting
 59689 | Snake:5  | Got a serpentine rune of Zot
 60096 | Lair:2   | Learned a level 1 spell: Summon Butterflies
 60117 | Lair:2   | Learned a level 6 spell: Statue Form
 60495 | D:13     | Reached skill level 1 in Shields
 60801 | Vaults:1 | Entered Level 1 of the Vaults
 61603 | Vaults:1 | Reached skill level 5 in Shields
 61870 | Vaults:1 | Reached XP level 20. HP: 123/123 MP: 20/41
 63533 | Vaults:1 | Reached skill level 10 in Shields
 63884 | Lair:2   | Learned a level 6 spell: Deflect Missiles
 64013 | Elf:1    | Killed Kirke
 64013 | Elf:1    | Reached skill level 1 in Armour
 64128 | Elf:1    | Noticed Azrael
 64142 | Elf:1    | Killed Azrael
 65140 | Elf:2    | Found Rodiob's Jewellery Shoppe.
 65151 | Elf:2    | Reached skill level 5 in Armour
 65459 | Elf:2    | Bought the macabre finger necklace {Ward rN+} for 286 gold pieces
 65461 | Elf:2    | Bought the ring "Smou" {Fire rPois rN++ Str-2} for 552 gold pieces
 65571 | Elf:2    | Cast into the Abyss (a deep elf demonologist)
 65667 | Abyss:1  | Got a slimy ring mail
 65668 | Abyss:1  | Identified the cursed -1 ring mail of Impatience {Int+2} (You found it on level 1 of the Abyss)
 65713 | Abyss:1  | Gained mutation: Potions and wands are less effective at restoring your health. [a neqoxec]
 65798 | Abyss:1  | Noticed a bone dragon
 66081 | Abyss:1  | Paralysed by accursed screaming for 1 turns
 66174 | Abyss:1  | Found a corrupted altar of Lugonu.
 66653 | Abyss:1  | Gained mutation: Your flesh is heat resistant. [mutagenic meat]
 66654 | Abyss:1  | Gained mutation: Armour fits poorly on your strangely shaped body. [mutagenic meat]
 66760 | Abyss:1  | Noticed a bone dragon
 66887 | Elf:2    | Escaped the Abyss
 67190 | Snake:1  | Bought a potion of mutation for 87 gold pieces
 67653 | Orc:4    | Bought a potion of mutation for 42 gold pieces
 67766 | Lair:2   | Gained mutation: You possess an exceptional clarity of mind. [potion of mutation]
 67766 | Lair:2   | Lost mutation: You possess an exceptional clarity of mind. [potion of mutation]
 67767 | Lair:2   | Gained mutation: Your skin changes colour to match your surroundings (Stealth). [potion of mutation]
 67767 | Lair:2   | Gained mutation: Your mind is acute. (Int +2) [potion of mutation]
 67768 | Lair:2   | Gained mutation: You can spit poison. [potion of mutation]
 67768 | Lair:2   | Gained mutation: Your body is slowly deteriorating. [potion of mutation]
 67769 | Lair:2   | Gained mutation: You evolve. [potion of mutation]
 67769 | Lair:2   | Gained mutation: You rapidly evolve. [potion of mutation]
 67770 | Lair:2   | Lost mutation: Your mind is acute. (Int +2) [potion of mutation]
 67771 | Lair:2   | Lost mutation: Armour fits poorly on your strangely shaped body. [potion of mutation]
 67771 | Lair:2   | Lost mutation: Potions and wands are less effective at restoring your health. [potion of mutation]
 67771 | Lair:2   | Lost mutation: Your flesh is heat resistant. [potion of mutation]
 67776 | Lair:2   | Lost mutation: Your body is slowly deteriorating. [potion of cure mutation]
 67776 | Lair:2   | Lost mutation: You can spit poison. [potion of cure mutation]
 67776 | Lair:2   | Lost mutation: Your muscles are strong. (Str +2) [potion of cure mutation]
 67776 | Lair:2   | Lost mutation: You rapidly evolve. [potion of cure mutation]
 67776 | Lair:2   | Lost mutation: Your skin changes colour to match your surroundings (Stealth). [potion of cure mutation]
 67776 | Lair:2   | Lost mutation: You evolve. [potion of cure mutation]
 68276 | D:13     | Noticed Sonja
 68279 | D:13     | Killed Sonja
 68574 | D:13     | Reached XP level 21. HP: 128/128 MP: 42/42
 69908 | D:15     | Entered Level 15 of the Dungeon
 69915 | D:15     | Reached skill level 10 in Dodging
 70113 | D:15     | Reached skill level 10 in Armour
 70312 | D:15     | Found a staircase to the Depths.
 71033 | Depths:1 | Entered Level 1 of the Depths
 71483 | D:15     | HP: 4/128 [death yak (14)]
 73644 | Depths:1 | Found a gateway to Hell.
 74251 | Depths:1 | Found a deep blue altar of Sif Muna.
 74269 | Depths:1 | Found a gateway to a ziggurat.
 74610 | Depths:1 | Got a glittering silver amulet
 74802 | Depths:1 | Identified the amulet "Ticwophe" {Ward +Blink +Fly rPois rC- rN+ Str+3} (You took it off a vampire mage on level 1 of the Depths)
 75885 | Depths:2 | Got a bound bone ring
 75888 | Depths:2 | Identified the ring "Fasefius" {rN+ MR+ MP+9 Str-3} (You found it on level 2 of the Depths)
 75927 | Depths:2 | Mangled by a white ugly thing

Action                   |  1- 3 |  4- 6 |  7- 9 | 10-12 | 13-15 | 16-18 | 19-21 || total
-------------------------+-------+-------+-------+-------+-------+-------+-------++-------
Melee: Mace              |     6 |       |       |       |       |       |       ||     6
       Unarmed           |     2 |       |       |       |       |       |       ||     2
       Dagger            |     6 |     1 |     4 |       |       |       |       ||    11
       Halberd           |       |       |    12 |     6 |       |       |       ||    18
       Staff             |       |       |       |     5 |    13 |     1 |       ||    19
       Spear             |       |       |       |     2 |       |   126 |   111 ||   239
       Demon trident     |       |       |       |       |       |       |  1535 ||  1535
Throw: Stone             |       |     9 |       |       |       |       |       ||     9
 Cast: Magic Dart        |    84 |   171 |   425 |   496 |   781 |   757 |    58 ||  2772
       Iskenderun's Myst |       |    12 |    33 |    55 |   207 |     3 |       ||   310
       Iskenderun's Batt |       |       |    25 |   114 |   233 |   201 |    29 ||   602
       Sublimation of Bl |       |       |       |    46 |   120 |     2 |       ||   168
       Fireball          |       |       |       |    11 |   161 |   113 |    95 ||   380
       Summon Lightning  |       |       |       |       |    18 |    30 |     4 ||    52
       Bolt of Fire      |       |       |       |       |       |   225 |   268 ||   493
       Conjure Ball Ligh |       |       |       |       |       |     2 |       ||     2
       Ignite Poison     |       |       |       |       |       |    27 |     4 ||    31
       Summon Butterflie |       |       |       |       |       |       |     2 ||     2
       Deflect Missiles  |       |       |       |       |       |       |     3 ||     3
 Abil: Fly               |       |       |     1 |       |     1 |     1 |       ||     3
Evoke: Staff of energy   |       |       |       |     2 |     9 |    10 |       ||    21
       Wand              |       |       |       |       |       |       |     8 ||     8
       Deck              |       |       |       |       |       |       |     2 ||     2
  Use: Scroll            |       |       |    10 |    16 |    14 |    14 |    25 ||    79
       Potion            |       |       |       |    10 |     8 |     6 |    15 ||    39
 Stab: Sleeping          |     1 |       |       |       |       |       |     4 ||     5
       Distracted        |       |       |       |       |       |       |     6 ||     6
  Eat: Chunk             |     3 |    10 |    22 |    25 |    33 |    59 |    35 ||   187
       Beef jerky        |       |     1 |     1 |       |     1 |       |       ||     3
       Fruit             |       |       |     2 |       |     3 |     2 |     3 ||    10
       Meat ration       |       |       |     1 |       |     1 |     2 |     3 ||     7
       Bread ration      |       |       |     1 |     1 |     3 |       |     6 ||    11
       Pizza             |       |       |       |       |     1 |       |     2 ||     3
